 BcadrenCrawl: Boulder Brew version 0.06.7.3-23-g1ca577db0e (webtiles) character file.

Game seed: 10491274849442276502

6450 MackTheKnife the Thaumaturge (level 10, -1/86 HPs) Deep Elf Ice Elementalist. Began on Nov 17, 2023. Was a Follower of Sif Muna. Slain by an ogre mage ... wielding a +2 molten halberd (21 damage) ... on level 6 of the Dungeon. The game lasted 00:24:04 (10750 turns).

MackTheKnife the Thaumaturge (DEIE)                Turns: 10750, Time: 00:24:04

Health: -1/86      AC:  8    Str:  5    XL:     10 ^: 1757
Magic:  0/22       EV: 18    Int: 26    God:    Sif Muna [1* [37]]
Gold:   315        SH:  0    Dex: 18    Spells: 13/29 levels left

rFire    . . .     Slash    x   q - +0 dagger (venom) {short}
rCold    . . .     Pierce   .   (no weapon)
rNeg     + . .     Bludgeon .   a - +0 robe
rCorr    . . .     Vision   .   (no helmet)
rPois    .         Spirit   +   (no cloak)
rElec    .                      A - +0 pair of gloves
MR       +....                  (no boots)
HPRegen  0.38/turn              j - amulet of guardian spirit
MPRegen  0.32/turn              n - ring of protection
Stlth    ++........             y - ring of intelligence

@: very slightly contaminated, studying Maces & Staves, slow
A: low mp 1, negative energy resistance 1, slowness 1, evolution 1, soft flesh
a: Renounce Religion, Divine Energy


You were on level 6 of the Dungeon.
You worshipped Sif Muna.
Sif Muna was aware of your devotion.
You were hungry.

You visited 2 branches of the dungeon, and saw 7 of its levels.

You collected 315 gold pieces.


Innate Abilities, Weirdness & Mutations

Your soft flesh is weak to deep cuts.
Heavy manmade armour will nullify this weakness. (rSlashing-)
Your magical capacity is low. (-15% MP)
You resist negative energy. (rN+)
You cover ground slowly.
You evolve.


   Skills:
 - Level 8.0 Fighting
 - Level 8.0 Dodging
 - Level 2.4 Stealth
 - Level 2.1 Shields
 - Level 10.0 Spellcasting
 + Level 7.1 Summonings
 - Level 7.0 Ice Magic
 + Level 3.0 Air Magic


You had 13 spell levels left.
You knew the following spells:

 Your Spells              Type           Power        Failure   Level  Hunger
a - Freeze                Ice            25 (25)      1%          1    0
b - Throw Frost           Ice            49 (50)      1%          2    0
c - Hailstorm Ice 49 (100) 2% 4 0-39 d - Summon Ice Beast Ice/Summ 49 (100) 2% 4 0-39 e - Throw Icicle Ice 49 (100) 2% 4 0-39 f - Summon Lightning Spi Summ/Air       39 (100)     16%         5    59-219

Your spell library contained the following spells:

 Spells                   Type           Power        Failure   Level  Hunger
 Ozocubu's Armour         Chrm/Ice       31 (100)     3%          3    0
 Silence Hex/Air 20 (200) 56% 5 59-219 Conjure Ball Lightning Air 28 (200) 90% 6 179-399 Deflect Missiles Chrm/Air 20 (200) 98% 6 179-399 Tornado Air            28 (200)     100%        9    539-939

Inventory:

Weapons
 q - a +0 dagger of venom (weapon) {short}
   (You took it off a kobold on level 2 of the Dungeon)

   Shields
 B - a +1 buckler of positive energy
   (You found it on level 4 of the Dungeon)
Armour
 a - a +0 robe (worn)
 t - a +1 helmet
   (You found it on level 2 of the Dungeon)
 u - a scarf of shadows
   (You found it on level 2 of the Dungeon)
 A - a +0 pair of gloves (worn)
   (You found it on level 4 of the Dungeon)
 P - a +0 cloak
   (You found it on level 6 of the Dungeon)
Jewellery
 d - the ring "Xeliy" {Wiz MR- Str+4}
   (You took it off a kobold on level 2 of the Dungeon)

   [ring of wizardry]

   It improves your spell success rate.
   It affects your strength (+4).
   It affects your resistance to hostile enchantments.
 f - an uncursed ring of ice
   (You took it off an orc wizard on level 4 of the Dungeon)
 i - an uncursed ring of ice
   (You took it off a goblin on level 1 of the Dungeon)
 j - an amulet of guardian spirit (around neck)
   (You took it off a kobold on level 1 of the Dungeon)
 l - a cursed ring of evasion {(Curse: *Tele)}
   (You took it off a goblin on level 1 of the Dungeon)
 n - a ring of protection (left hand)
   (You took it off a kobold on level 2 of the Dungeon)
 o - an uncursed amulet of the acrobat
   (You took it off a kobold on level 1 of the Dungeon)
 p - a cursed ring of poison resistance {(Curse: *Contam)}
   (You took it off a big kobold on level 2 of the Dungeon)
 v - an uncursed ring of stealth
   (You took it off an orc priest on level 3 of the Dungeon)
 x - an uncursed amulet of rage
   (You found it on level 4 of the Dungeon)
 y - a ring of intelligence (right hand)
   (You took it off an orc on level 3 of the Dungeon)
 C - an uncursed amulet of magic regeneration {@e2}
   (You took it off an orc on level 4 of the Dungeon)
 G - a cursed amulet of reduced vision {(Curse: *Slow)}
   (You took it off a wight on level 5 of the Dungeon)
 I - the cursed ring of the Jester {rPois EV+5, (Curse: rC-)}
   (You took it off a wight on level 5 of the Dungeon)

   [ring of evasion]

   It affects your evasion (+5).
   It protects you from poison.
   It has a curse placed upon it.
   { (Curse: rC-)}
Wands
 D - a wand of disintegration (2)
   (You took it off an orc warrior on level 5 of the Dungeon)
 J - a wand of flame (13)
   (You found it on level 6 of the Dungeon)
 K - a wand of scattershot (1)
   (You took it off an orc priest on level 5 of the Dungeon)
 L - a wand of iceblast (7)
   (You took it off an orc wizard on level 5 of the Dungeon)
Scrolls
 k - 2 scrolls of teleportation {@r4}
 s - a scroll of attention {!r}
 w - a scroll of gravitation {!r}
 z - a scroll of immolation {!r!r}
 E - 2 scrolls of fog
 H - 2 scrolls of magic mapping {!r}
 N - 2 scrolls of blinking {!r}
 O - a scroll of enchantment
Potions
 b - 2 potions of curing {@q1}
 e - a potion of invisibility
 g - 3 potions of heal wounds {@q2}
 m - 2 potions of agility
 r - 3 potions of brilliance
 F - a potion of lignification {!q}
Miscellaneous
 h - 4 empty bottles
Comestibles
 c - 24 rations {@e2}

Dungeon Overview and Level Annotations

Branches:
Dungeon (6/8)              Temple (1/1) D:4            Lair (0/6) D:5
    Orc: D:6

Altars:
Ashenzari
Dithmenos
Elyvilon
Hepliaklqana
Nemelex Xobeh
Okawaru
Qazlal
Ru
Sif Muna
Trog
Uskayaw
Wu Jian
Xom
Yredelemnul
The Shining One

Shops:
D:4

( ..# ..... ### ###+ # # #
# ## ####
.################### .....
.'..........†...@.O#....YC
.#################.s..T...
.# ###n..... .# ..... .#
.... .# ... .# .. .# # ##


You could see an ogre mage (fast), a troll, a necrophage and a bone scorpion.


Message History

You hear a shout!
You are too injured to fight recklessly!
You are too injured to fight recklessly! 😮 HP[-27] MP[-9]
You take 27 damage, and now have 59/86 hp.
MASSIVE DAMAGE!! (PAUSE)
You lost 9 mp, and now have 9/22 mp.
Casting: Summon Ice Beast (dangerous; 2% risk of failure)
Confirm with . or Enter, or press ? or * to list all spells.
Aiming: Summon Lightning Spire (dangerous; 16% risk of failure)
Press: ? - help, Dir - move target An electric hum fills the air. 😮 HP[+1] MP[-4]
You lost 4 mp, and now have 5/22 mp.
You are feeling hungry.
The cyclops hurls a boulder.
The boulder strikes you (15)! The boulder freezes you (4).
* * * LOW HITPOINT WARNING * * *
The boulder explodes!
The explosion of boulder fragments engulfs you but does no damage.
The explosion of boulder fragments engulfs your ice beast (2). 😨 HP[-17] MP[-2]
You take 17 damage, and now have 43/86 hp.
You lost 2 mp, and now have 3/22 mp.
A troll comes into view.
Your lightning spire shoots out a bolt of lightning at the cyclops!
The bolt of electricity hits the ogre mage (10)!
The bolt of electricity hits the cyclops (8)!
Unknown command.
Something hits your lightning spire but does no damage.
The cyclops hurls a boulder.
The boulder strikes your ice beast (17)!
Your ice beast absorbs the freezing cold (1).
The boulder explodes!
The explosion of boulder fragments engulfs your ice beast (1).
The explosion of boulder fragments engulfs the troll but does no damage.
Your lightning spire shoots out a bolt of lightning at the cyclops!
The bolt of electricity hits the cyclops (12)!
The bone scorpion claws your ice beast (1).
It resists.
The bone scorpion claws your ice beast (2).
It resists.
The bone scorpion stings your ice beast (5). x2
Unknown command. 😮 HP[+1] MP[+1]
Something hits your lightning spire but does no damage.
Your ice beast hits the bone scorpion (3).
It is struck brutally!
Your ice beast freezes the bone scorpion (6).
The bone scorpion resists.
The bone scorpion claws your ice beast (3).
It resists.
The bone scorpion barely misses your ice beast.
The bone scorpion stings your ice beast (1).
The bone scorpion stings your ice beast (6).
Unknown command.
Something barely misses your lightning spire.
Your ice beast barely misses the cyclops.
The ogre mage points at you and mumbles some strange words.
Your lightning spire resists with almost no effort.
Your ice beast hits the bone scorpion (2).
It is struck brutally!
Your ice beast freezes the bone scorpion (3).
The bone scorpion resists.
The cyclops hurls a boulder.
The boulder strikes your ice beast (6).
Your ice beast absorbs the freezing cold (2).
The boulder explodes!
The explosion of boulder fragments engulfs your ice beast but does no damage.
The explosion of boulder fragments engulfs the cyclops but does no damage.
The bone scorpion claws your ice beast (2).
It resists.
The bone scorpion claws your ice beast but does no damage.
The bone scorpion stings your ice beast but does no damage.
The bone scorpion stings your ice beast (6).
Unknown command.
Your lightning spire disappears in a puff of smoke!
The ogre mage gestures wildly while chanting.
The ogre mage seems to speed up.
Your ice beast hits the bone scorpion but does no damage.
The bone scorpion claws your ice beast (3).
It resists.
The bone scorpion claws your ice beast (2).
It resists.
Your ice beast is destroyed! 😮 HP[+1] MP[+1] Unknown command.
Something bites your ice beast (9)! Something claws your ice beast (3).
It resists.
Something claws your ice beast but does no damage.
You hear an immense crack.
A boulder appears from out of your range of vision.
The boulder crushes your ice beast (28)!!
Your ice beast is destroyed!
The boulder explodes!
The explosion of boulder fragments engulfs the bone scorpion but does no damage.
Casting: Summon Lightning Spire (dangerous; 16% risk of failure)
Confirm with . or Enter, or press ? or * to list all spells.
Aiming: Summon Lightning Spire (dangerous; 16% risk of failure)
Press: ? - help, Dir - move target You miscast Summon Lightning Spire.
You are very lightly contaminated with residual magic.
You feel a sudden electric shock.
* * * LOW HITPOINT WARNING * * *
The troll shouts!
The ogre mage hits you from afar with a +2 molten halberd (21)!!
You are lacerated severely!
* * * LOW HITPOINT WARNING * * *
The ogre mage burns you (21)!!
You die...

Skill      XL: |  1  2  3  4  5  6  7  8  9 10 |
---------------+-------------------------------+-----
Spellcasting   | 4 5 6 7 9 10 | 10.0
Ice Magic      | 4 5 6 7 |  7.0
Summonings     | 5 6 7 |  7.1
Fighting       | 3 6 8 |  8.0
Dodging        | 5 8 |  8.0
Shields        | 2 |  2.1
Air Magic      | 3 |  3.0
Stealth        | |  2.4

Action                   |  1- 3 |  4- 6 |  7- 9 | 10-12 || total
-------------------------+-------+-------+-------+-------++-------
Melee: Whip              |     1 |    22 |    32 |       ||    55
       Unarmed           |     1 |    19 |    56 |    50 ||   126
       Dagger            |       |       |    27 |    50 ||    77
       Headbutt          |       |       |       |    12 ||    12
 Cast: Freeze            |    14 |    18 |    12 |       ||    44
       Throw Frost       |    22 |    90 |   243 |    53 ||   408
       Hailstorm         |       |     1 |       |       ||     1
       Summon Ice Beast  |       |     9 |    44 |    77 ||   130
       Throw Icicle      |       |       |    33 |    13 ||    46
       Summon Lightning  |       |       |       |     2 ||     2
  Use: Potion            |       |     1 |     1 |     3 ||     5
       Scroll            |       |       |     8 |     1 ||     9
  Eat: Chunk             |       |     6 |    12 |     4 ||    22
       Ration            |       |       |     2 |     2 ||     4
Armor: Robe              |     1 |    32 |    67 |    34 ||   134
Dodge: Dodged            |     2 |    22 |    70 |    33 ||   127

Levels and vault maps discovered:
D:1:      dpeg_arrival_brainrot, layout_cave_pools, portal_sewer_entry_a
D:2:      minmay_recursive_quarters, layout_sewer, elyvilon_niche
D:3:      layout_rooms, tso_oasis_becter, first_ration,
          bcadren_nooodl_food_pyramid, nrook_pool_corridor
D:4:      layout_cave_pools, nicolae_overflow_hidden_temple,
          grunt_qazlal_clouds, minmay_temple_entry_statues_fountains,
          serial_shops, nicolae_shop_crystal, minivault_4, uniq_grum,
          uniq_prince_ribbit1
D:5:      layout_layer_cave, dpeg_oklobed_lair, grunt_ministairs_1
D:6:      layout_roguey, lemuel_doored_altar, elyvilon_altar_4,
          hiddenorc1_lemuel, uniq_urug
Temple:   minmay_temple_curvy_loop

Notes
Turn   | Place    | Note
-------+----------+-------------------------------------------
     0 | D:1      | MackTheKnife the Deep Elf Ice Elementalist began the quest
                  | for the Orb.
     0 | D:1      | Reached XP level 1. HP: 21/21 MP: 6/6
     0 | D:1      | magus.rc [v1.9.6]
    95 | D:1      | Reached XP level 2. HP: 28/28 MP: 3/8
   157 | D:1      | Reached skill level 4 in Spellcasting
   157 | D:1      | Reached skill level 4 in Ice Magic
   157 | D:1      | Reached XP level 3. HP: 24/36 MP: 4/10
   190 | D:1      | Learned a level 2 spell: Throw Frost
   550 | D:1      | Reached XP level 4. HP: 37/43 MP: 0/12
   667 | D:1      | Learned a level 4 spell: Hailstorm
   736 | D:1      | Reached skill level 5 in Spellcasting
  1272 | D:1      | Gained mutation: You evolve. [potion of mutation]
  1272 | D:1      | Gained mutation: You are vulnerable to electric shocks.
                  | [potion of mutation]
  1272 | D:1      | Gained mutation: You resist negative energy. (rN+) [potion
                  | of mutation]
  1342 | D:2      | Identified the ring "Xeliy" {Wiz MR- Str+4}
  1343 | D:2      | Noticed a big kobold
  1344 | D:2      | Reached skill level 5 in Ice Magic
  1408 | D:2      | Killed a big kobold
  1409 | D:2      | Reached XP level 5. HP: 33/50 MP: 5/15
  1492 | D:2      | Reached skill level 6 in Spellcasting
  1545 | D:2      | Learned a level 4 spell: Summon Ice Beast
  1751 | D:1      | Learned a level 4 spell: Throw Icicle
  1787 | D:2      | Reached XP level 6. HP: 57/57 MP: 4/17
  1793 | D:2      | Reached skill level 6 in Ice Magic
  1981 | D:2      | Reached skill level 7 in Spellcasting
  2344 | D:2      | Reached XP level 7. HP: 64/64 MP: 7/19
  2680 | D:2      | Reached skill level 2 in Summonings
  2782 | D:2      | Reached skill level 8 in Spellcasting
  2858 | D:2      | Reached skill level 3 in Summonings
  3127 | D:2      | Reached skill level 4 in Summonings
  3545 | D:2      | Reached skill level 5 in Summonings
  3648 | D:2      | Reached skill level 9 in Spellcasting
  3648 | D:2      | Reached XP level 8. HP: 72/72 MP: 18/23
  3675 | D:2      | Reached skill level 6 in Summonings
  3738 | D:2      | Found a white marble altar of Elyvilon.
  4128 | D:3      | Reached skill level 7 in Ice Magic
  4170 | D:3      | Reached skill level 10 in Spellcasting
  4386 | D:3      | Reached skill level 1 in Fighting
  4386 | D:3      | Reached skill level 3 in Dodging
  4572 | D:3      | Found a glowing golden altar of the Shining One.
  4777 | D:3      | Reached skill level 4 in Dodging
  4782 | D:3      | Reached skill level 2 in Fighting
  5083 | D:3      | Reached skill level 5 in Dodging
  5141 | D:4      | Found Paduifia's Weapon Emporium.
  5155 | D:4      | Reached skill level 3 in Fighting
  5171 | D:4      | Reached XP level 9. HP: 79/79 MP: 19/25
  5317 | D:4      | Reached skill level 6 in Dodging
  5358 | D:4      | Reached skill level 4 in Fighting
  5365 | D:4      | Noticed Grum
  5713 | D:3      | Reached skill level 7 in Dodging
  6066 | D:4      | Noticed Prince Ribbit
  6079 | D:4      | Found a sacrificial altar of Ru.
  6099 | D:4      | Killed Prince Ribbit
  6141 | D:4      | Reached skill level 5 in Fighting
  6254 | D:4      | Found a staircase to the Ecumenical Temple.
  6268 | D:4      | Reached skill level 8 in Dodging
  6398 | Temple   | Entered the Ecumenical Temple
  6610 | Temple   | Became a worshipper of Sif Muna the Loreminder
  7129 | D:4      | Found a stormy altar of Qazlal.
  7407 | D:4      | Killed Grum
  7408 | D:4      | Reached skill level 6 in Fighting
  7499 | D:5      | Entered Level 5 of the Dungeon
  7643 | D:5      | Reached XP level 10. HP: 86/86 MP: 14/26
  7745 | D:4      | Gained mutation: You have a pair of horns on your head.
                  | [evolution]
  8040 | D:5      | Reached skill level 7 in Fighting
  8257 | D:5      | HP: 16/86 [troll (12)]
  8537 | D:5      | Found a staircase to the Lair.
  8643 | D:5      | Identified the cursed ring of the Jester {rPois EV+5,
                  | (Curse: rC-)}
  9046 | D:5      | Reached skill level 8 in Fighting
  9139 | D:5      | Reached skill level 1 in Shields
  9279 | D:5      | Reached skill level 2 in Shields
  9321 | D:5      | Gained mutation: Your magical capacity is low. (-15% MP)
                  | [evolution]
  9438 | D:5      | You pick up a book of the Sky and begin reading...
  9438 | D:5      | You add the spells Summon Lightning Spire, Silence, Deflect
                  | Missiles, Conjure Ball Lightning and Tornado to your
                  | library.
  9445 | D:5      | Learned a level 5 spell: Summon Lightning Spire
  9704 | D:5      | Identified the +1 chain mail "Pimel" {Regen+ rCorr Int+4}
 10048 | D:6      | Reached skill level 1 in Air Magic
 10106 | D:6      | Noticed a death knight
 10114 | D:6      | Killed a death knight
 10115 | D:6      | Reached skill level 2 in Air Magic
 10150 | D:6      | Reached * piety under Sif Muna
 10218 | D:6      | Lost mutation: You have a pair of horns on your head.
                  | [potion of mutation]
 10220 | D:6      | Lost mutation: You are vulnerable to electric shocks.
                  | [potion of mutation]
 10220 | D:6      | Gained mutation: You cover ground slowly. [potion of
                  | mutation]
 10374 | D:6      | Reached skill level 7 in Summonings
 10422 | D:6      | HP: 21/86 [nameless horror[miscasting Summon Lightning
                  | Spire] (1)]
 10632 | D:6      | Reached skill level 3 in Air Magic
 10739 | D:6      | Noticed an ogre mage
 10750 | D:6      | HP: 20/86 [ogre mage/+2 molten halberd (21)]
 10750 | D:6      | Slain by an ogre mage

Vanquished Creatures
  2 hippogriffs
  Grum (D:4)
  2 war dogs (D:3)
  A yak (D:5)
  An orc warrior (D:4)
  2 scorpions (D:4)
  2 ice beasts
  A sky beast (D:6)
  An ogre (D:3)
  6 big kobolds
  A meliai zombie (D:4)
  A centaur (D:4)
  4 killer bees (D:5)
  A hound (D:3)
  4 llaibwcod (D:4)
  4 orc priests
  4 jellies
  6 orc wizards
  2 iguanas
  A wyvern zombie (D:4)
  8 worker ants
  10 giant cockroaches
  A boggart skeleton (D:4)
  7 adders
  4 gnolls
  24 sewer rats
  11 cinder newts
  4 worms
  2 bullfrogs
  8 oozes
  2 dart slugs (D:1)
  8 leopard geckos
  15 orcs
  An adder skeleton (D:2)
  An adder zombie (D:5)
  10 bats
  4 goblins (D:1)
  6 hobgoblins (D:1)
  7 jackals
  30 kobolds
  A quokka (D:3)
  4 ball pythons
  A jackal skeleton (D:3)
  9 rats
  A withered plant (D:2)
226 creatures vanquished.

Vanquished Creatures (collateral kills)
  A death knight (D:6)
  A gargoyle (D:6)
  An ugly thing (D:6)
  2 trolls (D:5)
  A hippogriff (D:3)
  2 war dogs (D:3)
  2 yaks (D:5)
  A slime creature (D:2)
  A bone scorpion (D:6)
  2 orc warriors (D:5)
  A scorpion (D:5)
  A porcupine (D:3)
  2 sky beasts (D:6)
  3 ogres
  A big kobold (D:2)
  A gnoll sergeant (D:5)
  A centaur (D:5)
  2 jellies (D:2)
  2 killer bees (D:5)
  6 wights
  2 llaibwcod
  Prince Ribbit (D:4)
  2 orc priests (D:5)
  3 hounds (D:5)
  A gnoll shaman (D:4)
  A worker ant (D:6)
  3 iguanas (D:5)
  4 orc wizards
  2 gnolls (D:5)
  2 adders
  7 sewer rats (D:2)
  A cinder newt (D:2)
  A worm (D:2)
  2 oozes
  A hound skeleton (D:3)
  3 leopard geckos
  5 orcs
  An adder skeleton (D:3)
  An adder zombie (D:5)
  A ball python (D:3)
  2 bats (D:2)
  A cinder newt skeleton (D:2)
  4 kobolds
  A nameless horror (D:5)
86 creatures vanquished.

Vanquished Creatures (others)
  5 giant cockroaches (D:2)
  3 sewer rats (D:2)
  2 leopard geckos (D:2)
  2 ball pythons (D:2)
  2 bats (D:2)
  A quokka (D:6)
  A bat skeleton (D:2)
  2 kobolds (D:2)
  2 butterflies (D:6)
  A giant blowfly (D:2)
  A plant (D:5)
  3 slimeheads (D:2)
  168 withered plants (D:2)
193 creatures vanquished.

Grand Total: 505 creatures vanquished

Table legend:
 A = Non-vault XP
 B = Vault XP
 C = Vault XP percentage of total XP
 D = Non-vault monster count
 E = Vault monster count
 F = Vault count percentage of total count
                 A         B        C        D         E       F
            +---------+---------+-------+---------+---------+-------
      Total |    7600 |    1615 |  17.5 |     269 |      40 |  12.9
            +---------+---------+-------+---------+---------+-------
        D:1 |     178 |      29 |  14.0 |      41 |       7 |  14.6
        D:2 |    1178 |     403 |  25.5 |      87 |      20 |  18.7
        D:3 |     646 |     843 |  56.6 |      33 |       9 |  21.4
        D:4 |    1700 |     248 |  12.7 |      36 |       2 |   5.3
        D:5 |    2528 |      92 |   3.5 |      61 |       2 |   3.2
        D:6 |    1370 |       0 |   0.0 |      11 |       0 |   0.0
            +---------+---------+-------+---------+---------+-------

Illustrated notes

Table legend:
 A = Kills in this place as a percentage of kills in entire the game.
 B = Kills by you in this place as a percentage of kills by you in the entire game.
 C = Kills by friends in this place as a percentage of kills by friends in the entire game.
 D = Other kills in this place as a percentage of other kills in the entire game.
 E = Experience gained in this place as a percentage of experience gained in the entire game.
 F = Experience gained in this place divided by the number of levels of this place that you have seen.
                   A       B       C       D       E      F
               +-------+-------+-------+-------+-------+----------------------
         Total | 100.0 | 100.0 | 100.0 |   N/A | 100.0 | 1316.4
       Dungeon | 100.0 | 100.0 | 100.0 |   N/A | 100.0 | 1535.8
               +-------+-------+-------+-------+-------+----------------------

Table legend: (Time is in decaauts)
 A = Elapsed time spent in this place.
 B = Non-inter-level travel time spent in this place.
 C = Inter-level travel time spent in this place.
 D = Time resting spent in this place.
 E = Time spent auto-exploring this place.
 F = Levels seen in this place.
 G = Mean time per level.
                   A        B        C        D        E       F      G
               +--------+--------+--------+--------+--------+-----+--------+
         Total |  10912 |  10458 |    454 |   2410 |   6011 |   7 | 1558.9 |
       Dungeon |  10651 |  10233 |    418 |   2379 |   5828 |   6 | 1775.2 |
        Temple |    260 |    224 |     36 |     31 |    183 |   1 |  260.0 |
               +--------+--------+--------+--------+--------+-----+--------+

Top non-repeatable levels by time:
     D:2: 2736 daAuts
     D:5: 2221 daAuts
     D:1: 1668 daAuts
     D:3: 1628 daAuts
     D:4: 1579 daAuts
     D:6: 817 daAuts
  Temple: 260 daAuts
